 Dungeon Crawl Stone Soup version 0.25-a0-949-gdd2af9e06e (webtiles) character file.

Game seed: 13399599675739882485, levelgen mode: deterministic

8857 mortelune the Archer (level 11, 0/101 HPs)
             Began as a Centaur Hunter on May 8, 2020.
             Was a High Priest of Okawaru.
             Slain by a wolf spider (9 damage)
             ... on level 10 of the Dungeon.
             The game lasted 00:21:22 (15829 turns).

mortelune the Archer (Centaur Hunter)              Turns: 15829, Time: 00:21:23

Health: 0/101      AC: 10    Str: 19    XL:     11   Next: 15%
Magic:  9/11       EV: 10    Int: 10    God:    Okawaru [*****.]
Gold:   487        SH:  0    Dex:  9    Spells: 10/10 levels left

rFire    + . .     SeeInvis .   b - +0 trident
rCold    x . .     Gourm    .   (no shield)
rNeg     . . .     Faith    +   d - +1 scale mail
rPois    .         Spirit   .   (no helmet)
rElec    .         Reflect  .   r - +0 cloak
rCorr    .         Harm     .   J - +0 pair of gloves
MR       .....                  (no barding)
Stlth    ++........             x - amulet of faith
HPRegen  0.26/turn              q - ring of stealth
MPRegen  0.12/turn              E - ring of fire

@: heroism, very quick
A: large, hooves 3, deformed body, speed 2, tough skin 3
a: Heroism, Finesse, Renounce Religion


You were on level 10 of the Dungeon.
You worshipped Okawaru.
Okawaru was extremely pleased with you.
You were not hungry.

You visited 2 branches of the dungeon, and saw 11 of its levels.

You collected 487 gold pieces.

Inventory:

Hand Weapons
 a - a +1 shortbow
 b - a +0 trident (weapon)
 g - a +0 short sword
 C - a +0 halberd
Missiles
 y - 86 arrows
 Q - 87 stones (quivered)
Armour
 c - a +0 leather armour
 d - a +1 scale mail (worn)
 r - a +0 cloak (worn)
 s - a scarf of cloud immunity
 J - a +0 pair of gloves (worn)
 L - a +1 robe of magic resistance
Jewellery
 q - a ring of stealth (left hand)
 x - an amulet of faith (around neck)
 E - a ring of fire (right hand)
Wands
 j - a wand of flame (8)
 D - a wand of digging (2)
 F - a wand of iceblast (9)
 H - a wand of enslavement (1)
 I - a wand of paralysis (5)
Scrolls
 h - 2 scrolls of magic mapping
 i - 7 scrolls of identify
 n - 10 scrolls of remove curse
 p - a scroll of amnesia
 v - a scroll of fog {unknown}
 w - a scroll of enchant weapon
Potions
 e - a potion of flight
 k - 3 potions of brilliance
 l - a potion of mutation {unknown}
 m - 6 potions of curing
 o - a potion of stabbing
 t - a potion of resistance
 u - 3 potions of degeneration
 z - a potion of ambrosia {unknown}
 A - a potion of cancellation {unknown}
 B - 2 potions of heal wounds
 G - a potion of berserk rage {unknown}
Miscellaneous
 M - a phial of floods
Comestibles
 f - 21 rations
 K - a chunk of flesh


   Skills:
 + Level 10.7(15.7) Fighting
 + Level 7.9(12.9) Polearms
 + Level 14.1(19.1) Bows
 - Level 1.8(6.8) Dodging
 - Level 1.0(6.0) Stealth


You had 10 spell levels left.
You didn't know any spells.
Your spell library contained the following spells:

 Spells                   Type           Power        Failure   Level  Hunger
 Foxfire                  Conj/Fire      #...         71%         1    ##.....
 Passwall                 Tmut/Erth      #.......     85%         2    ###....
 Conjure Flame            Conj/Fire      #.......     97%         3    ####...
 Inner Flame              Hex/Fire       #.......     97%         3    ####...
 Static Discharge         Conj/Air       #.......     97%         3    ####...
 Sticky Flame             Conj/Fire      #.......     100%        4    #####..
 Summon Lightning Spire   Summ/Air       #.......     100%        4    #####..
 Fireball                 Conj/Fire      #.........   100%        5    ######.
 Lee's Rapid Deconstruct  Erth           #.........   100%        5    ######.
 Iron Shot                Conj/Erth      #.........   100%        6    #######


Dungeon Overview and Level Annotations

Branches:
Dungeon (10/15)            Temple (1/1) D:7            Lair (0/6) D:9
    Orc: D:9-12

Altars:
Ashenzari
Cheibriados
Elyvilon
Fedhas
Gozag
Hepliaklqana
Kikubaaqudgha
Makhleb
Nemelex Xobeh
Okawaru
Qazlal
Ru
Sif Muna
Trog
Uskayaw
Vehumet
Wu Jian
Xom
Yredelemnul
Zin
The Shining One

Shops:
D:4 %

Portals:
Trove: D:10 (give 9 potions of stabbing)


Innate Abilities, Weirdness & Mutations

You have hooves in place of feet.
Armour fits poorly on your strangely shaped body.
You cover ground very quickly.
You have extremely tough skin. (AC +3)


Message History

You puncture the wolf spider! Your kick misses the wolf spider.
The wolf spider is almost dead.
The wolf spider hits you!
* * * LOW HITPOINT WARNING * * *
The wolf spider bites you!
* * * LOW HITPOINT WARNING * * *
Okay, then.
You feel much better. The wolf spider hits you.
* * * LOW HITPOINT WARNING * * *
The wolf spider bites you but does no damage.
The wolf spider hits you but does no damage.
The wolf spider closely misses you.
You hit the wolf spider.
The wolf spider is almost dead.
You hit the wolf spider.
The wolf spider is almost dead.
The wolf spider hits you!
* * * LOW HITPOINT WARNING * * *
The wolf spider bites you!
You die...

#...##.......# #.........##...#.
#...#####....# #.........###'##.
#.......#....#####....##..°......
#.......'........#######.°.......
#'#####'#........#....#○°........
.÷...............#....#(.........
.................+.((((..........
.)...............#(...#...##..###
...........>....@s(...##..#######
....###############.(.##.........
....# #....((......... ....#
#............... ....#
#............... ....#
#######..##..### ....# #..##'###.
....# #.......#. ....# #.......#.


You could see a wolf spider.

Vanquished Creatures
  A hydra (D:10)
  Harold (D:8)
  3 two-headed ogres
  Joseph (D:7)
  A komodo dragon (D:9)
  An efreet (D:10)
  A tengu conjurer (D:10)
  A spriggan (D:7)
  A wyvern (D:9)
  2 hungry ghosts
  Menkaure (D:5)
  2 water moccasins
  4 sky beasts
  A black bear (D:7)
  3 ogres
  2 orc warriors
  A phantom (D:10)
  A necrophage (D:8)
  3 ice beasts
  A centaur (D:8)
  4 big kobolds
  Blork the orc (D:5)
  4 bullfrogs
  A wyvern skeleton (D:6)
  2 scorpions
  3 howler monkeys (D:7)
  2 crimson imps
  2 centaur zombies
  7 hounds
  3 orc priests
  A gnoll shaman (D:5)
  2 jellies
  7 orc wizards
  3 bullfrog skeletons
  2 centaur skeletons
  An iguana (D:10)
  5 worker ants
  A hound zombie (D:7)
  A hound skeleton (D:4)
  A worker ant zombie (D:10)
  A howler monkey skeleton (D:5)
  5 gnolls (D:5)
  12 adders
  A shadow imp (D:6)
  An ooze (D:6)
  3 worms
  2 adder skeletons (D:4)
  A dart slug (D:6)
  6 leopard geckos
  20 orcs
  A ball python (D:1)
  5 bats
  2 giant cockroaches
  7 hobgoblins
  8 jackals
  A quokka (D:9)
  6 frilled lizards
  4 goblins
  A jackal skeleton (D:5)
  21 kobolds
  A quokka skeleton (D:5)
  A quokka zombie (D:7)
  6 rats
201 creatures vanquished.

Vanquished Creatures (others)
  5 dream sheep (D:7)
  A jelly (D:10)
  2 plants (D:9)
8 creatures vanquished.

Grand Total: 209 creatures vanquished

Notes
Turn   | Place    | Note
-------+----------+-------------------------------------------
     0 | D:1      | mortelune the Centaur Hunter began the quest for the Orb.
     0 | D:1      | Reached XP level 1. HP: 17/17 MP: 1/1
   107 | D:1      | Reached XP level 2. HP: 19/24 MP: 2/2
  1033 | D:2      | Reached skill level 1 in Stealth
  1039 | D:2      | Reached XP level 3. HP: 30/30 MP: 3/3
  1267 | D:2      | Reached skill level 6 in Bows
  1491 | D:2      | Found a bloodstained altar of Trog.
  2155 | D:3      | Found a white marble altar of Elyvilon.
  2189 | D:3      | Found a glowing golden altar of the Shining One.
  2193 | D:3      | Found a glowing silver altar of Zin.
  2193 | D:3      | Found a hazy altar of Hepliaklqana.
  2196 | D:3      | Found a snail-covered altar of Cheibriados.
  2476 | D:3      | Reached XP level 4. HP: 38/38 MP: 4/4
  3306 | D:4      | Reached XP level 5. HP: 28/46 MP: 5/5
  3505 | D:4      | Reached skill level 7 in Bows
  3740 | D:4      | Noticed an ice beast
  3801 | D:4      | Killed an ice beast
  3801 | D:4      | Reached XP level 6. HP: 53/53 MP: 6/6
  3972 | D:4      | Found Heits's Food Emporium.
  4048 | D:4      | Reached skill level 5 in Fighting
  4048 | D:4      | Reached skill level 8 in Bows
  4327 | D:5      | Entered Level 5 of the Dungeon
  4646 | D:5      | Noticed Menkaure
  4664 | D:5      | Killed Menkaure
  4664 | D:5      | Reached XP level 7. HP: 5/61 MP: 7/7
  5018 | D:5      | Found a burning altar of Makhleb.
  5030 | D:5      | Reached skill level 9 in Bows
  5345 | D:5      | Noticed Blork the orc
  5362 | D:5      | Killed Blork the orc
  5712 | D:5      | Reached skill level 1 in Polearms
  5734 | D:5      | Reached XP level 8. HP: 69/71 MP: 8/8
  6316 | D:6      | Reached skill level 10 in Bows
  6709 | D:6      | Found a snail-covered altar of Cheibriados.
  6747 | D:6      | Found an opulent altar of Gozag.
  7588 | D:7      | Found a basalt altar of Yredelemnul.
  7777 | D:7      | Noticed Joseph
  8697 | D:7      | Noticed a dream sheep
  8697 | D:7      | Noticed a dream sheep
  8697 | D:7      | Noticed a dream sheep
  8697 | D:7      | Noticed a dream sheep
  8697 | D:7      | Noticed a dream sheep
  8697 | D:7      | Found a shimmering altar of Xom.
  8701 | D:7      | Killed a dream sheep
  8701 | D:7      | Killed a dream sheep
  8701 | D:7      | Killed a dream sheep
  8701 | D:7      | Killed a dream sheep
  8706 | D:7      | Killed a dream sheep
  8754 | D:7      | Reached skill level 11 in Bows
  8754 | D:7      | Reached XP level 9. HP: 17/81 MP: 9/9
  9084 | D:7      | Found a staircase to the Ecumenical Temple.
  9103 | Temple   | Entered the Ecumenical Temple
  9246 | Temple   | Became a worshipper of Warmaster Okawaru
  9412 | D:8      | Noticed a two-headed ogre
  9499 | D:7      | Killed a two-headed ogre
  9499 | D:7      | Reached * piety under Okawaru
  9914 | D:7      | Reached skill level 5 in Polearms
 10288 | D:8      | Reached skill level 12 in Bows
 10374 | D:8      | Noticed a two-headed ogre
 10400 | D:8      | Reached ** piety under Okawaru
 10458 | D:8      | Killed a two-headed ogre
 10458 | D:8      | Reached XP level 10. HP: 91/91 MP: 10/10
 11085 | D:8      | Reached *** piety under Okawaru
 11300 | D:8      | Found a radiant altar of Vehumet.
 11373 | D:8      | Noticed Harold
 11784 | D:7      | Killed Joseph
 12444 | D:8      | Killed Harold
 12444 | D:8      | Reached skill level 13 in Bows
 13078 | D:9      | Found a staircase to the Lair.
 13175 | D:9      | Reached skill level 10 in Fighting
 13319 | D:9      | Reached **** piety under Okawaru
 13524 | D:9      | Found a blossoming altar of Fedhas.
 13972 | D:9      | Found a sacrificial altar of Ru.
 13982 | D:10     | Entered Level 10 of the Dungeon
 13982 | D:10     | Found a portal to a secret trove of treasure.
 14670 | D:10     | Noticed a seven-headed hydra
 14670 | D:10     | Noticed a wolf spider
 15071 | D:10     | Noticed a two-headed ogre
 15132 | D:10     | Killed a two-headed ogre
 15142 | D:10     | Reached XP level 11. HP: 70/101 MP: 8/11
 15450 | D:10     | Killed a seven-headed hydra
 15450 | D:10     | Reached skill level 14 in Bows
 15597 | D:10     | Reached ***** piety under Okawaru
 15670 | D:10     | Identified the Compendium of Dusty Air
 15826 | D:10     | HP: 2/101 [wolf spider (8)]
 15829 | D:10     | Slain by a wolf spider

Levels and vault maps discovered:
D:1:      dpeg_arrival_long_road, layout_basic
D:2:      layout_basic, overflow_temple_1_default, nrook_mini_backslash
D:3:      layout_basic, grunt_temple_overflow_open, first_ration,
          minmay_misc_feat_tower
D:4:      layout_loops_ring, serial_shops, shop
D:5:      layout_gridville, lightli_temple_of_fire, uniq_blork_the_orc,
          uniq_menkaure
D:6:      layout_basic, grunt_gozag_breadcrumbs, grunt_decor_clamped,
          kennysheep_slug_shrine
D:7:      layout_loops_ring, kb_xom_exploding_sheep,
          nicolae_overflow_crystal_walls, minmay_temple_entry_grid, the_bakery,
          uniq_joseph
D:8:      layout_basic, lemuel_coloured_pillars_altar,
          hangedman_abyss_or_decor_stagger, uniq_harold
D:9:      layout_long_grid, kennysheep_little_box, lemuel_crystal_altar,
          david_lair_shrubbed
D:10:     minmay_the_grid_triangle_9x9_recursive_2
          [minmay_the_grid_triangle_9x9_prize_top_heavy,
          minmay_the_grid_triangle_9x9_zippers_vertical,
          minmay_the_grid_triangle_9x9_pentomino_pain,
          minmay_the_grid_triangle_9x9_corruption], layout_gridville,
          enter_trove_2
Temple:   nicolae_temple_figure_zero

Skill      XL: |  1  2  3  4  5  6  7  8  9 10 11 |
---------------+----------------------------------+-----
Stealth        | 1 |  1.0
Bows           | 6 7 8 9 11 12 13 14 | 14.1
Fighting       | 3 4 5 6 7 9 10 | 10.7
Polearms       | 1 3 5 7 |  7.9
Dodging        | |  1.8

Action                   |  1- 3 |  4- 6 |  7- 9 | 10-12 || total
-------------------------+-------+-------+-------+-------++-------
Melee: Short sword       |   121 |    68 |    33 |       ||   222
       Kick              |    17 |    15 |    29 |    36 ||    97
       Halberd           |       |       |   164 |    73 ||   237
       Trident           |       |       |       |    80 ||    80
 Fire: Shortbow          |    21 |    68 |   226 |   243 ||   558
Invok: Heroism           |       |       |       |     6 ||     6
  Use: Potion            |       |     2 |     1 |     2 ||     5
       Scroll            |       |       |    14 |       ||    14
  Eat: Chunk             |     3 |     6 |    14 |     8 ||    31
       Ration            |       |       |     2 |     2 ||     4
Armor: Scale mail        |    73 |    32 |   173 |    66 ||   344
Dodge: Dodged            |    50 |    34 |    97 |    67 ||   248

Table legend:
 A = Non-vault XP
 B = Vault XP
 C = Vault XP percentage of total XP
 D = Non-vault monster count
 E = Vault monster count
 F = Vault count percentage of total count
                 A         B        C        D         E       F
            +---------+---------+-------+---------+---------+-------
      Total |    7396 |    5257 |  41.5 |     187 |      15 |   7.4
            +---------+---------+-------+---------+---------+-------
        D:1 |      31 |       0 |   0.0 |      20 |       0 |   0.0
        D:2 |      54 |       0 |   0.0 |      15 |       0 |   0.0
        D:3 |      12 |       0 |   0.0 |       9 |       0 |   0.0
        D:4 |     501 |       0 |   0.0 |      18 |       0 |   0.0
        D:5 |     589 |     268 |  31.3 |      21 |       2 |   8.7
        D:6 |     583 |       4 |   0.7 |      12 |       1 |   7.7
        D:7 |    1900 |     686 |  26.5 |      25 |       2 |   7.4
        D:8 |    2368 |     992 |  29.5 |      32 |       1 |   3.0
        D:9 |     811 |     553 |  40.5 |      22 |       2 |   8.3
       D:10 |     547 |    2754 |  83.4 |      13 |       7 |  35.0
            +---------+---------+-------+---------+---------+-------
